 Dungeon Crawl Stone Soup version 0.29-a0-334-gb41bcbb86e (webtiles) character file.

Game seed: 17112584594296173694

18328 Dauddaud the Severer (level 12, -6/105 (110) HPs)
             Began as a Minotaur Berserker on Apr 15, 2022.
             Was a Priest of Trog.
             Killed from afar by a deep elf knight (23 damage)
             ... with a lance of force
             ... on level 12 of the Dungeon.
             The game lasted 00:35:53 (11996 turns).

Dauddaud the Severer (Minotaur Berserker)          Turns: 11996, Time: 00:35:54

HP:   -6/105 (110)  AC: 21    Str: 26    XL:     12   Next: 26%
MP:   11/11         EV: 10    Int:  4    God:    Trog [***...]
Gold: 677           SH: 10    Dex: 11    Spells: 11/11 levels left

rFire   . . .      SeeInvis .   E - +5 war axe
rCold   . . .      Faith    .   a - +2 buckler
rNeg    . . .      Spirit   .   l - +0 chain mail
rPois   .          Reflect  +   (helmet restricted)
rElec   .          Harm     .   (no cloak)
rCorr   .          Rampage  .   (no gloves)
Will    .....                   d - +0 pair of boots
Stlth   ..........              N - amulet of reflection
HPRegen 0.00/turn               T - +4 ring of protection
MPRegen 0.12/turn               y - +4 ring of protection

@: about to teleport, sick, slowed, lightly drained, very slow
A: horns 2, retaliatory headbutt
a: Renounce Religion, Berserk, Trog's Hand


You were on level 12 of the Dungeon.
You worshipped Trog.
Trog was most pleased with you.
You visited 2 branches of the dungeon, and saw 13 of its levels.

You collected 677 gold pieces.

Inventory:

Hand Weapons
 E - a +5 war axe (weapon)
 Z - a +4 executioner's axe of freezing
Missiles
 h - 49 poisoned darts (quivered)
 F - 6 atropa-tipped darts
Armour
 a - a +2 buckler (worn)
 d - a +0 pair of boots (worn)
 l - a +0 chain mail (worn)
Jewellery
 v - a ring of protection from fire
 y - a +4 ring of protection (right hand)
 L - a ring of flight
 N - an amulet of reflection (around neck)
 T - a +4 ring of protection (left hand)
Wands
 q - a wand of flame (35)
 C - a wand of polymorph (8)
 H - a wand of digging (5)
 M - a wand of iceblast (8)
 U - a wand of acid (3)
 X - a wand of paralysis (3)
Scrolls
 c - 4 scrolls of enchant weapon {unknown}
 e - 2 scrolls of enchant armour
 f - 2 scrolls of blinking {unknown}
 i - 7 scrolls of teleportation
 o - 4 scrolls of vulnerability {unknown}
 r - 2 scrolls of fog
 s - 3 scrolls of immolation
 t - 3 scrolls of holy word
 x - 3 scrolls of magic mapping
 O - a scroll of torment {unknown}
 R - a scroll of amnesia {unknown}
Potions
 g - a potion of cancellation {unknown}
 j - 4 potions of heal wounds
 k - 7 potions of curing
 w - a potion of ambrosia {unknown}
 A - 3 potions of attraction {unknown}
 B - 3 potions of lignification {unknown}
 K - 3 potions of might {unknown}
 P - a potion of invisibility {unknown}
 Q - 2 potions of flight {unknown}
 S - 2 potions of brilliance {unknown}
 W - a potion of magic {unknown}


   Skills:
 + Level 11.3 Fighting
 * Level 16.3(16.7) Axes
 - Level 5.8(12.1) Polearms
 + Level 12.1 Armour
 + Level 6.0 Dodging
 - Level 1.2 Stealth


You had 11 spell levels left.
You didn't know any spells.
Your spell library was empty.

Dungeon Overview and Level Annotations

Branches:
Dungeon (12/15)            Temple (1/1) D:6            Lair (0/6) D:9
    Orc (0/2) D:9

Altars:
Cheibriados
Dithmenos
Elyvilon
Gozag
Hepliaklqana
Kikubaaqudgha
Makhleb
Okawaru
Qazlal
Trog
Uskayaw
Xom
Yredelemnul

Shops:
D:6 *

Portals:
Abyss: D:12
Trove: D:12 (give +3 fire dragon scales)

Annotations:
D:12 1 transporter


Innate Abilities, Weirdness & Mutations

You have a pair of horns on your head.
You reflexively headbutt those who attack you in melee.


Message History

You drop a ring of fire.
You drop a +2 war axe of venom.
You start removing your armour.
You continue taking off your +0 buckler. x4
You finish taking off your +0 buckler.
You drop a +0 buckler.
You recover from your berserk rage.
Things that are here:
a +2 buckler; a +1 scimitar of distortion
a - a +2 buckler You start putting on your armour.
You continue putting on your +2 buckler. x4
You finish putting on your +2 buckler.
A deep elf knight is nearby!
The deep elf knight gestures wildly while chanting.
The deep elf knight flickers and vanishes!
Deactivating autopickup; reactivate with Ctrl-A.
No target in view!
No target in view!
Something hits you!
You feel drained.
You feel horribly lethargic.
You feel yourself slow down.
You hear some strange, mumbled words.
A shard of ice appears from out of thin air!
The shard of ice hits you!!
* * * LOW HITPOINT WARNING * * *
Something completely misses you.
You feel much better.
You hear some strange, mumbled words.
A shard of ice appears from out of thin air!
The shard of ice reflects off an invisible shield around you!
The shard of ice hits something!
As you read the scroll of teleportation, it crumbles to dust.
You feel strangely unstable. Something hits you!
* * * LOW HITPOINT WARNING * * *
You feel drained.
* * * LOW HITPOINT WARNING * * *
You feel homesick.
You hear some strange, mumbled words.
A lance of force appears from out of thin air!
The lance of force hits you!!
You die...

#.# #...##.##..##..####....# #.#
##..#...##.##.X.xe#©...# #.#
#..##.#.###.X##x##..... #.# #...#
:#X.. #####..[.#+
######.####...###.##.##..........
.......>..#.....#∩####...©.......
..........#.....#...##..###......
...............##{^©#..##x##.....
..........#...##@...##.##..##....
..............#.###..###W..##..##
####.#####...##..#.#§...#.##...##
##.# ##..#)....#^....$#....#.
#..# #..#[###...##...#...... #.##
#..###.##©####.##....## #.#
#.......###..###.....# ###.#####
#....................##
#.......###......................


You could see a large abomination (wandering).

Vanquished Creatures
  Rupert (D:12)
  A tentacled starspawn (D:12)
  The ghost of Uwuyrubips the Cleaver, a journeyman HuHu of Okawaru (D:12)
  A hydra (D:11)
  3 two-headed ogres
  A thrashing horror (D:12)
  Urug (D:11)
  Pikel (D:8)
  3 ugly things
  A cyclops (D:11)
  A worldbinder (D:12)
  A black mamba (shapeshifter) (D:12)
  An unseen horror (D:12)
  A kobold demonologist (D:9)
  A komodo dragon (D:9)
  2 tengu conjurers
  An ancient zyme (D:12)
  3 trolls
  A hornet (D:10)
  A large abomination (D:12)
  Sigmund (D:5)
  3 wraiths
  2 shadows (D:11)
  A wyvern (D:10)
  6 yaks (D:10)
  A basilisk (D:10)
  4 vampire mosquitoes (D:12)
  A water moccasin (D:5)
  An acid dragon (D:11)
  An orc warrior (D:9)
  3 sky beasts
  2 ice beasts (D:6)
  2 black bears
  6 centaurs
  3 phantoms
  A lemure (D:8)
  2 kobold brigands
  4 bullfrogs
  A necrophage (D:6)
  7 scorpions
  10 wights
  6 killer bees (D:10)
  2 howler monkeys
  8 hounds
  4 orc priests
  A gnoll shaman (D:8)
  3 iguanas
  6 orc wizards
  Ijyb (D:3)
  8 gnolls
  9 adders
  A white imp (D:6)
  A worm (D:4)
  3 dart slugs
  36 orcs
  4 endoplasms
  5 giant cockroaches
  10 goblins
  9 hobgoblins
  6 jackals (D:2)
  20 kobolds
  3 quokkas
  5 ball pythons
  3 bats
  7 frilled lizards
  9 rats
259 creatures vanquished.

Vanquished Creatures (others)
  8 plants
  3 starspawn tentacles (D:12)
11 creatures vanquished.

Grand Total: 270 creatures vanquished

Notes
Turn   | Place    | Note
-------+----------+-------------------------------------------
     0 | D:1      | Dauddaud the Minotaur Berserker began the quest for the
                  | Orb.
     0 | D:1      | Reached XP level 1. HP: 19/19 MP: 0/0
   139 | D:1      | Reached skill level 4 in Axes
   177 | D:1      | Reached XP level 2. HP: 22/26 MP: 1/1
   727 | D:2      | Reached skill level 5 in Axes
   810 | D:2      | Reached XP level 3. HP: 31/31 MP: 2/2
   889 | D:2      | Reached ** piety under Trog
  1074 | D:2      | Reached XP level 4. HP: 39/39 MP: 3/3
  1126 | D:2      | Reached skill level 6 in Axes
  1472 | D:2      | Noticed a black bear
  1476 | D:2      | Killed a black bear
  1477 | D:2      | Reached skill level 7 in Axes
  1477 | D:2      | Reached XP level 5. HP: 45/45 MP: 4/4
  1706 | D:3      | Found a stormy altar of Qazlal.
  1982 | D:3      | Reached skill level 8 in Axes
  2083 | D:3      | Reached XP level 6. HP: 49/51 MP: 5/5
  2199 | D:3      | Noticed Ijyb
  2205 | D:3      | Killed Ijyb
  2531 | D:4      | Reached *** piety under Trog
  2797 | D:4      | Reached skill level 9 in Axes
  2807 | D:4      | Reached skill level 1 in Stealth
  2807 | D:4      | Reached XP level 7. HP: 52/57 MP: 6/6
  2822 | D:4      | Reached skill level 10 in Axes
  2855 | D:4      | Found a white marble altar of Elyvilon.
  2957 | D:4      | Found a shimmering altar of Xom.
  2960 | D:4      | Found a snail-covered altar of Cheibriados.
  2963 | D:4      | Found a basalt altar of Yredelemnul.
  2963 | D:4      | Found a hazy altar of Hepliaklqana.
  2971 | D:4      | Found an iron altar of Okawaru.
  3415 | D:5      | Entered Level 5 of the Dungeon
  3415 | D:5      | Noticed Sigmund
  3426 | D:5      | Killed Sigmund
  3427 | D:5      | Reached skill level 11 in Axes
  3509 | D:5      | Reached XP level 8. HP: 63/64 MP: 7/7
  3539 | D:5      | Reached skill level 1 in Polearms
  3601 | D:5      | Reached skill level 12 in Axes
  4501 | D:6      | Reached skill level 13 in Axes
  4574 | D:6      | Found a staircase to the Ecumenical Temple.
  4656 | D:6      | Reached XP level 9. HP: 70/70 MP: 8/8
  5080 | D:6      | Reached skill level 14 in Axes
  5124 | D:6      | Found an opulent altar of Gozag.
  5140 | D:6      | Reached **** piety under Trog
  5321 | D:6      | Found Hupis's Lightly-Used Armoury.
  5384 | Temple   | Entered the Ecumenical Temple
  5492 | D:7      | Reached skill level 5 in Polearms
  5544 | D:7      | Reached skill level 15 in Axes
  6547 | D:8      | Noticed Pikel
  6555 | D:8      | Killed Pikel
  6717 | D:8      | Found a shadowy altar of Dithmenos.
  6829 | D:8      | Found an ancient bone altar of Kikubaaqudgha.
  6908 | D:8      | Reached XP level 10. HP: 73/78 MP: 9/9
  6980 | D:8      | Found a burning altar of Makhleb.
  6980 | D:8      | Noticed a brown ugly thing
  6985 | D:8      | Killed a brown ugly thing
  7200 | D:9      | Found a hide-covered altar of Uskayaw.
  7237 | D:9      | Noticed a two-headed ogre
  7246 | D:9      | Killed a two-headed ogre
  7247 | D:9      | Reached skill level 5 in Fighting
  7274 | D:9      | Reached skill level 5 in Armour
  7380 | D:9      | Noticed a soul eater
  7640 | D:9      | Found the +0 staff of Battle
  7644 | D:9      | Found a bloodstained altar of Trog.
  8030 | D:9      | Found a staircase to the Lair.
  8044 | D:9      | Found a staircase to the Orcish Mines.
  8353 | D:10     | Entered Level 10 of the Dungeon
  8740 | D:10     | Reached XP level 11. HP: 59/93 MP: 10/10
  9225 | D:10     | Noticed a two-headed ogre
  9236 | D:10     | Killed a two-headed ogre
  9363 | D:10     | Reached skill level 5 in Dodging
  9466 | D:10     | Noticed a two-headed ogre
  9473 | D:10     | Killed a two-headed ogre
 10006 | D:11     | Noticed Urug
 10029 | D:11     | Killed Urug
 10216 | D:11     | Noticed a seven-headed hydra
 10223 | D:11     | Killed a nine-headed hydra
 10286 | D:11     | Noticed a green ugly thing
 10291 | D:11     | Killed a green ugly thing
 10356 | D:11     | Reached skill level 10 in Armour
 10637 | D:12     | Found a transporter.
 10639 | D:12     | Noticed a deep elf knight
 10646 | D:12     | Noticed a thrashing horror
 10647 | D:12     | Noticed a tentacled starspawn
 10647 | D:12     | Noticed Uwuyrubips's ghost (journeyman HuHu)
 10650 | D:12     | Found a one-way gate to the infinite horrors of the Abyss.
 11099 | D:12     | Found a portal to a secret trove of treasure.
 11125 | D:12     | Reached skill level 10 in Fighting
 11210 | D:12     | Found a transporter.
 11252 | D:12     | Noticed a red ugly thing
 11261 | D:12     | Killed a red ugly thing
 11643 | D:12     | Noticed Rupert
 11658 | D:12     | Killed Rupert
 11659 | D:12     | Reached XP level 12. HP: 108/108 MP: 11/11
 11929 | D:12     | Killed Uwuyrubips's ghost
 11930 | D:12     | Reached skill level 16 in Axes
 11934 | D:12     | Killed a tentacled starspawn
 11996 | D:12     | Killed from afar by a deep elf knight

Illustrated notes

Levels and vault maps discovered:
D:1:      minmay_arrival_nine_rooms, layout_basic, amethyst_killhole,
          minmay_ruptured
D:2:      layout_rooms, minmay_quadrilaterals
D:3:      layout_basic, mainiacjoe_overflow_concentric_impassable, uniq_ijyb
D:4:      layout_basic, nicolae_overflow_hallway_of_the_gods,
          nicolae_elyvilon_peaceful_grove
D:5:      layout_rooms, kennysheep_flooded_box, uniq_sigmund
D:6:      layout_loops_ring, mainiacjoe_overflow_surrounded_room,
          minmay_temple_entry_gardened_gates, minmay_shop_damaged
D:7:      layout_loops_ring, serial_bayou_pond_d
D:8:      layout_rooms, nicolae_dithmenos_the_darkroom,
          mainiacjoe_overflow_tiny_flanked, mainiacjoe_overflow_alcove_2,
          amcnicky_mini_rare_corridor_liquid,
          hangedman_abyss_or_decor_lesser_grid, uniq_pikel
D:9:      layout_loops_cross, mainiacjoe_overflow_catwalk,
          eat_drink_and_be_merry_uskayaw, david_lair_shrubbed, david_orc_2,
          st_stairs_8, minivault_19, hellmonk_bongcloud_opening,
          hellmonk_guarded_unrand_staff_of_battle
D:10:     layout_gridville, minmay_misc_feat_encased, minmay_puff
D:11:     layout_cave_pools, uniq_urug
D:12:     layout_roguey, nicolae_trove_entry_crossroad,
          gammafunk_ghost_abyssal_escape, corexii_checkpoint_b, uniq_rupert
Temple:   nicolae_temple_figure_zero

Skill      XL: |  1  2  3  4  5  6  7  8  9 10 11 12 |
---------------+-------------------------------------+-----
Axes           | 4 5 7 8 9 11 13 15 16 | 16.3
Stealth        | 1 |  1.2
Polearms       | 3 5 |  5.8
Fighting       | 7 10 11 | 11.3
Armour         | 7 11 12 | 12.1
Dodging        | 4 6 |  6.0

Action                   |  1- 3 |  4- 6 |  7- 9 | 10-12 || total
-------------------------+-------+-------+-------+-------++-------
Melee: Hand axe          |    43 |       |       |       ||    43
       Broad axe         |    38 |    97 |   112 |       ||   247
       Headbutt          |     5 |    12 |    33 |    50 ||   100
       War axe           |       |       |    89 |   252 ||   341
       Punch             |       |       |     1 |       ||     1
Invok: Berserk           |     1 |     1 |     5 |    15 ||    22
       Trog's Hand       |       |       |     3 |    12 ||    15
       Brothers in Arms  |       |       |       |     1 ||     1
  Use: Scroll            |       |     4 |     4 |     2 ||    10
       Potion            |       |       |       |     3 ||     3
Armor: Animal skin       |     9 |       |       |       ||     9
       Chain mail        |    23 |    59 |    91 |   141 ||   314
Dodge: Dodged            |    42 |    43 |    58 |    85 ||   228
Block: Other             |       |       |     8 |     8 ||    16
       Reflection        |       |       |     3 |     3 ||     6
       Buckler           |       |       |       |    73 ||    73

Table legend: (Time is in decaauts)
 A = Elapsed time spent in this place.
 B = Non-inter-level travel time spent in this place.
 C = Inter-level travel time spent in this place.
 D = Time resting spent in this place.
 E = Time spent auto-exploring this place.
 F = Levels seen in this place.
 G = Mean time per level.
                   A        B        C        D        E       F      G
               +--------+--------+--------+--------+--------+-----+--------+
         Total |  12159 |  11867 |    292 |   2687 |   7570 |  13 |  935.3 |
       Dungeon |  12157 |  11865 |    292 |   2687 |   7570 |  12 | 1013.1 |
        Temple |      1 |      1 |      0 |      0 |      0 |   1 |    1.0 |
               +--------+--------+--------+--------+--------+-----+--------+

Top non-repeatable levels by time:
    D:10: 1444 daAuts
    D:12: 1388 daAuts
     D:9: 1178 daAuts
     D:2: 1117 daAuts
     D:5: 1073 daAuts
     D:6: 929 daAuts
     D:4: 908 daAuts
     D:7: 907 daAuts
     D:8: 887 daAuts
    D:11: 877 daAuts
     D:3: 839 daAuts
     D:1: 603 daAuts
  Temple: 1 daAuts
